cohdb
Replays
Latest Replays
All Replays
Popular Replays
Top Player Replays
Match Explorer
How It Works
Community
CoH3 Stats
Reddit
Sign in to upload your games and track your stats! →
Sign in with Steam
Match 42229184
Unlisted
Match 42229184
Overview
Messages
Build Orders
End
Panzergrenadier Squad
Selects Panzerjäger Kommand Battlegroup
250 Light Carrier
Selects Blockade Equipment
Construct Light Support Kompanie
Combat Half-tracks
Fire Support Elements
MG34 Team
Selects Tank Busters
Vehicle Survival Package
Construct Panzerarmee Kommand
le.IG 18 Mechanized Group
Emergency Repair Kits
Panzer III L Medium Tank
2.5-tonne Medical Truck
Rapid Advance
Selects Defensive Positions
Walking Stuka Rocket Launcher
Selects Butterfly Bomb Drop
Butterfly Bomb Drop
Walking Stuka Rocket Launcher
Advanced Optics
Butterfly Bomb Drop
Sol Invictus
Kanade
mbkm
makke
秃鹫k
我真的不是驴
那谁_
甜菜
0
0
Comments
sign in to comment!
No comments posted yet!